 Dungeon Crawl Stone Soup version 0.23-a0-137-gef0ad6d (webtiles) character file.

210 GroovyGamera the Firebug (level 5, 0/38 HPs)
             Began as a Demigod Fire Elementalist on Aug 29, 2018.
             Succumbed to Sigmund's poison
             ... on level 2 of the Dungeon.
             The game lasted 00:15:01 (3958 turns).

GroovyGamera the Firebug (DgFE)                     Turns: 3958, Time: 00:15:01

Health: 0/38       AC:  3    Str: 11    XL:     5   Next: 31%
Magic:  5/12       EV: 13    Int: 21    God:
Gold:   205        SH:  0    Dex: 16    Spells: 5/10 levels left

rFire    . . .     SeeInvis .   p - -1 trident (curse)
rCold    . . .     Gourm    .   (no shield)
rNeg     . . .     Faith    .   a - +0 robe
rPois    .         Spirit   .   (no helmet)
rElec    .         Reflect  .   (no cloak)
rCorr    .         Harm     .   i - +0 pair of gloves
MR       .....                  (no boots)
Stlth    ++........             (no amulet)
HPRegen  0.12/turn              (no ring)
MPRegen  0.13/turn              (no ring)

@: lethally poisoned (0 -> -29), berserk cooldown, very slightly contaminated,
slowed, very slow
A: high mp 1
a: no special abilities


You were on level 2 of the Dungeon.
You were not hungry.

You visited 1 branch of the dungeon, and saw 2 of its levels.

You collected 205 gold pieces.

Inventory:

Hand Weapons
 b - a +0 hunting sling
 p - a cursed -1 trident (weapon)
 t - a +0 spear
 u - a +0 dagger of speed
Missiles
 e - 23 bolts
 k - 44 arrows
 m - 96 stones (quivered)
Armour
 a - a +0 robe (worn)
 i - a +0 pair of gloves (worn)
Wands
 v - a wand of iceblast (7)
Scrolls
 f - a scroll of identify
 g - a scroll of amnesia
 h - a scroll of fear {unknown}
 l - a scroll of magic mapping {unknown}
 r - a scroll of blinking {unknown}
 s - a scroll of fog {unknown}
 w - a scroll of enchant armour {unknown}
Potions
 j - a potion of curing {unknown}
 n - a potion of heal wounds {unknown}
 o - a potion of mutation
 q - a potion of lignification {unknown}
 x - a potion of degeneration {unknown}
 z - a potion of ambrosia {unknown}
Comestibles
 c - 4 rations
 A - a chunk of flesh


   Skills:
 - Level 3.1 Dodging
 - Level 1.7 Stealth
 + Level 3.1 Spellcasting
 + Level 1.4 Conjurations
 + Level 3.9 Fire Magic


You had 5 spell levels left.
You knew the following spells:

 Your Spells              Type           Power        Failure   Level  Hunger
a - Flame Tongue          Conj/Fire      ##...        4%          1    None
b - Sticky Flame          Conj/Fire      ##......     38%         4    ####...

Your spell library contained the following spells:

 Spells                   Type           Power        Failure   Level  Hunger
 Throw Flame              Conj/Fire      ##....       6%          2    ##.....
 Conjure Flame            Conj/Fire      ##......     13%         3    ###....
 Inner Flame              Hex/Fire       ##......     17%         3    ###....
 Fireball                 Conj/Fire      ##........   75%         5    ######.


Dungeon Overview and Level Annotations

Branches:
Dungeon (2/15)

Annotations:
D:2 Sigmund


Innate Abilities, Weirdness & Mutations

You have an increased reservoir of magic. (+10% MP)


Message History

* * * LOW HITPOINT WARNING * * *
You feel sick.
Sigmund gestures wildly while chanting.
Sigmund flickers and vanishes!
Deactivating autopickup; reactivate with Ctrl-A.
You miss something.
* * * LOW HITPOINT WARNING * * *
You feel sick.
You completely miss something.
* * * LOW HITPOINT WARNING * * *
You feel sick. Something hits you but does no damage.
You are more poisoned.
You barely miss something.
* * * LOW HITPOINT WARNING * * *
You feel sick.
You miss something.
You are no longer berserk.
You are exhausted.
You feel yourself slow down.
You die...

♣♣..♣♣♣ ♣♣♣..♣♣♣
♣♣♣..♣♣ ♣♣♣.. ♣♣♣
##################
#.................
#@################
#{# #.# #.# #†#
#.# #.# #.# #.#


There were no monsters in sight!

Vanquished Creatures
  An ogre (D:2)
  Terence (D:2)
  4 adders (D:2)
  An ooze (D:1)
  2 worms (D:2)
  A dart slug (D:2)
  2 leopard geckos (D:2)
  An orc (D:2)
  5 bats
  6 giant cockroaches
  7 goblins
  2 hobgoblins
  2 jackals (D:2)
  A quokka (D:2)
  5 frilled lizards
  7 kobolds
  9 rats
57 creatures vanquished.

Notes
Turn   | Place    | Note
-------+----------+-------------------------------------------
     0 | D:1      | GroovyGamera the Demigod Fire Elementalist began the quest
                  | for the Orb.
     0 | D:1      | Reached XP level 1. HP: 14/14 MP: 5/5
   403 | D:1      | Reached XP level 2. HP: 20/20 MP: 2/7
   854 | D:1      | Found an ornate altar of the Wu Jian Council.
  2012 | D:2      | Reached XP level 3. HP: 21/26 MP: 2/9
  2259 | D:2      | Found a bloodstained altar of Trog.
  2595 | D:2      | Found an iron altar of Okawaru.
  2920 | D:2      | Noticed an ogre
  2926 | D:2      | Killed an ogre
  2926 | D:2      | Reached XP level 4. HP: 33/33 MP: 3/11
  2935 | D:2      | Learned a level 4 spell: Sticky Flame
  3275 | D:2      | Noticed Terence
  3289 | D:2      | Killed Terence
  3289 | D:2      | Reached skill level 1 in Conjurations
  3289 | D:2      | Reached XP level 5. HP: 36/38 MP: 2/12
  3934 | D:2      | Noticed Sigmund
  3958 | D:2      | Succumbed to Sigmund's poison

Vault maps used:
D:1:      erik_arrival_triangle_small, kennysheep_flooded_box
D:2:      kb_forest_paths, old_standard_altar, bloody_trog, uniq_sigmund,
          uniq_terence

Skill      XL: |  1  2  3  4 |
---------------+-------------+-----
Dodging        | 2 3 |  3.1
Spellcasting   | 2 3 |  3.1
Fire Magic     | 3 |  3.9
Conjurations   | 1 |  1.4
Stealth        | |  1.7

Action                   |  1- 3 |  4- 6 || total
-------------------------+-------+-------++-------
Melee: Club              |     4 |       ||     4
       Short sword       |    29 |       ||    29
       Spear             |    39 |       ||    39
       Trident           |     7 |    29 ||    36
Throw: Stone             |     4 |     6 ||    10
 Cast: Flame Tongue      |    47 |    14 ||    61
       Sticky Flame      |       |     2 ||     2
  Use: Scroll            |     1 |     1 ||     2
       Potion            |       |     1 ||     1
 Stab: Sleeping          |     6 |     5 ||    11
  Eat: Chunk             |     6 |     4 ||    10
Armor: Robe              |    28 |     3 ||    31
Dodge: Dodged            |    66 |    23 ||    89

Table legend:
 A = Non-vault XP
 B = Vault XP
 C = Vault XP percentage of total XP
 D = Non-vault monster count
 E = Vault monster count
 F = Vault count percentage of total count
                 A         B        C        D         E       F
            +---------+---------+-------+---------+---------+-------
      Total |     239 |      62 |  20.6 |      50 |       7 |  12.3
            +---------+---------+-------+---------+---------+-------
        D:1 |      43 |       0 |   0.0 |      25 |       0 |   0.0
        D:2 |     196 |      62 |  24.0 |      25 |       7 |  21.9
            +---------+---------+-------+---------+---------+-------
